 Dungeon Crawl Stone Soup version 0.29.0-15-g675c0067aa (webtiles) character file.

Game seed: 11619117901284527127

230298 qw the Slayer (level 18, -11/184 HPs)
             Began as a Minotaur Berserker on Sept 12, 2022.
             Was an Elder of Trog.
             Mangled by a vault warden
             ... wielding a +0 great sword
              (41 damage)
             ... on level 2 of the Vaults.
             The game lasted 00:18:22 (47085 turns).

qw the Slayer (Minotaur Berserker)                 Turns: 47085, Time: 00:18:22

Health: -11/184    AC: 23    Str: 27    XL:     18   Next: 76%
Magic:  0/17       EV: 18    Int:  6    God:    Trog [****..]
Gold:   3092       SH: 15    Dex: 17    Spells: 17/17 levels left

rFire   + . .      SeeInvis .   o - +11 war axe of Obsession {vorpal, Fly rC++ Str-4}
rCold   + + +      Faith    .   J - +0 kite shield
rNeg    . . .      Spirit   +   g - +5 scale mail "Curuh" {rF+ Will++ Int+2}
rPois   +          Reflect  .   (helmet restricted)
rElec   +          Harm     .   h - +0 cloak {rPois}
rCorr   +          Rampage  .   d - +2 pair of gloves
Will    +++++                   D - +1 pair of boots
Stlth   +.........              k - amulet of guardian spirit
HPRegen 1.40/turn               e - ring "Qoushic" {Str+2 Dex+6}
MPRegen 0.15/turn               A - ring "Zuugh" {rElec rC+ rCorr Stlth+}

@: about to teleport, strong-willed (expiring), on berserk cooldown, flying,
regenerating (expiring), slowed, very slow
A: horns 2, retaliatory headbutt
}: 1/15 runes: barnacled
a: Renounce Religion, Berserk, Trog's Hand, Brothers in Arms


You were on level 2 of the Vaults.
You worshipped Trog.
Trog was greatly pleased with you.
You visited 6 branches of the dungeon, and saw 31 of its levels.
You visited the Abyss 1 time.

You collected 3352 gold pieces.
You spent 260 gold pieces at shops.


Innate Abilities, Weirdness & Mutations

You have a pair of horns on your head.
You reflexively headbutt those who attack you in melee.


   Skills:
 + Level 22.1 Fighting
 - Level 17.0 Axes
 - Level 11.0 Throwing
 - Level 15.0 Armour
 - Level 15.0 Dodging
 - Level 18.6 Shields


You had 17 spell levels left.
You didn't know any spells.
Your spell library was empty.

Inventory:

Hand Weapons
 o - the +11 war axe of Obsession (weapon) {vorpal, Fly rC++ Str-4}
   (You found it on level 5 of the Lair of Beasts)

   It inflicts extra damage upon your enemies.
   Str:       It affects your strength (-4).
   rC:        It greatly protects you from cold.
   Fly:       It grants you flight.
 z - a +4 broad axe
Missiles
 v - 27 boomerangs
 x - 5 javelins
 E - a silver boomerang (quivered)
 G - 3 boomerangs of dispersal
Armour
 d - a +2 pair of gloves (worn)
 g - the +5 scale mail "Curuh" (worn) {rF+ Will++ Int+2}
   (You found it on level 2 of the Dungeon)

   Int:       It affects your intelligence (+2).
   rF:        It protects you from fire.
   Will:      It greatly increases your willpower.
 h - a +0 cloak of poison resistance (worn)
 t - a +3 plate armour
 u - a scarf of resistance
 D - a +1 pair of boots (worn)
 J - a +0 kite shield (worn)
Jewellery
 e - the ring "Qoushic" (left hand) {Str+2 Dex+6}
   (You found it on level 7 of the Dungeon)

   [ring of dexterity]

   Str:       It affects your strength (+2).
   Dex:       It affects your dexterity (+6).
 k - an amulet of guardian spirit (around neck)
 n - the ring "Zuypsauff" {rF+++ EV+4 Str-5 Dex+4 Slay-3}
   (You took it off a merfolk siren on level 4 of the Shoals)

   [ring of evasion]

   EV:        It affects your evasion (+4).
   Str:       It affects your strength (-5).
   Dex:       It affects your dexterity (+4).
   Slay:      It affects your accuracy & damage with ranged weapons and melee
   (-3).
   rF:        It renders you almost immune to fire.
 w - a ring of protection from fire
 A - the ring "Zuugh" (right hand) {rElec rC+ rCorr Stlth+}
   (You acquired it on level 2 of the Snake Pit)

   [ring of protection from cold]

   rC:        It protects you from cold.
   rElec:     It insulates you from electricity.
   rCorr:     It protects you from acid and corrosion.
   Stlth:     It makes you more stealthy.
 I - a ring of protection from fire
 Y - a +6 ring of dexterity
Wands
 l - a wand of digging (7)
Scrolls
 a - 13 scrolls of teleportation
 s - 8 scrolls of identify
 B - 4 scrolls of enchant weapon
Potions
 b - 5 potions of might
 c - 16 potions of curing
 f - 8 potions of mutation
 i - 3 potions of haste
 j - 7 potions of heal wounds
 m - 2 potions of cancellation
 p - 3 potions of resistance

Dungeon Overview and Level Annotations

Branches:
Dungeon (15/15)            Temple (0/1) D:6            Lair (5/5) D:10
 Shoals (4/4) Lair:2        Snake (3/4) Lair:3        Slime (0/5) Lair:4
    Orc (2/2) D:12            Elf (0/3) Orc:2        Vaults (2/5) D:14
 Depths (0/4) D:15
  Crypt: Vaults:2-3

Altars:
Ashenzari
Cheibriados
Elyvilon
Gozag
Kikubaaqudgha
Nemelex Xobeh
Ru
Trog
Uskayaw
Yredelemnul
Jiyva

Shops:
D:6 ?   D:7 *   D:15 [   Orc:2 ((((   Shoals:1 (   Snake:2 ([


Message History

You barely miss the vault warden. The vault guard blocks your attack.
The orc warlord hits you with a +1 great mace!
The vault guard hits you with a +0 broad axe!
You block the ironbound convoker's attack.
The vault warden activates a sealing rune.
A door slams shut!
You block the vault warden's attack.
You slash the vault warden! Your headbutt misses the vault warden.
The vault warden is almost dead.
You closely miss the ironbound convoker.
You hit the vault warden.
You hit the vault guard but do no damage.
You slash the orc warlord!
You feel the effects of Trog's Hand fading.
You block the vault warden's attack.
The orc warlord hits you with a +1 great mace!
You block the vault warden's attack.
The vault guard hits you with a +0 broad axe.
The ironbound convoker casts a spell at the vault warden.
The vault warden seems to grow stronger.
The vault warden activates a sealing rune.
You hit the vault warden but do no damage.
You headbutt the vault warden, but do no damage.
The vault warden is almost dead.
You hit the orc warlord. You slice the ironbound convoker!!
You closely miss the vault warden. You hit the vault guard.
The vault warden activates a sealing rune.
The orc warlord hits you with a +1 great mace!
You block the vault guard's attack.
The ironbound convoker barely misses you.
You furiously retaliate!
You headbutt the ironbound convoker.
The vault warden hits you with a +0 halberd!
You block the vault warden's attack.
47085 ||| READING 14 scrolls of teleportation.
As you read the scroll of teleportation, it crumbles to dust.
You feel strangely unstable. You block the vault warden's attack.
The orc warlord completely misses you. You furiously retaliate!
You headbutt the orc warlord! You block the vault warden's attack.
The vault warden hits you with a +0 great sword!!!
You die...

... ... /.. ####+####
#........
#####........
####...#.p......
###.....cp@pT.....
##......[p#po......
##.........#T.......
##......#+###........
##../..### ###+#####
#.....## .. ##....##
... #....## ####
#....#


You could see an orc warlord, 3 vault wardens, a vault guard (strong), 2 deep
trolls, an ironbound convoker and a yaktaur.

Vanquished Creatures
  2 krakens
  2 tentacled starspawn (Abyss:1)
  Kirke (Snake:3)
  A nagaraja (Snake:3)
  Ilsuiw (Shoals:3)
  An orc warlord (Vaults:2)
  5 vault wardens
  4 ironbound preservers (Vaults:1)
  A war gargoyle (Vaults:1)
  Nessos (D:15)
  An entropy weaver (Vaults:1)
  An ettin (Vaults:1)
  Josephine (Lair:5)
  8 merfolk impalers
  2 merfolk javelineers
  A great orb of eyes (Vaults:1)
  3 boulder beetles
  A salamander tyrant (Snake:3)
  3 yaktaur captains (Vaults:1)
  5 hydras
  Erolcha (Orc:2)
  An ironbound frostheart (Vaults:1)
  7 vault guards
  3 alligator snapping turtles
  4 merfolk avatars
  4 catoblepae
  A naga warrior (Snake:2)
  An ogre mage (D:14)
  Erica (D:9)
  A death yak (Lair:4)
  A satyr (Shoals:4)
  8 anacondas
  11 merfolk aquamancers
  10 centaur warriors
  A tengu warrior (D:13)
  4 two-headed ogres
  2 hell hogs (Abyss:1)
  4 orc high priests (Orc:2)
  4 naga sharpshooters
  3 shock serpents (Snake:3)
  Sonja (Lair:5)
  Urug (Lair:5)
  A wretched star (Abyss:1)
  17 sea snakes
  A salamander mystic (Snake:3)
  A glowing orange brain (Vaults:1)
  16 deep trolls (Vaults:1)
  3 naga ritualists
  3 wizards (Vaults:1)
  Pikel (D:6)
  5 lindwurms (Vaults:1)
  A deep elf archer (D:14)
  8 ironbound convokers
  5 orc knights
  3 deep elf pyromancers
  22 harpies
  A necromancer (D:15)
  A deep elf zephyrmancer (D:15)
  5 orc sorcerers
  17 ugly things
  7 mana vipers
  6 elephants (Lair:4)
  23 manticores
  19 fauns
  5 salamanders (Snake:3)
  6 cyclopes
  Maurice (D:9)
  3 centaur zombies (D:15)
  6 naga magi
  A guardian serpent (D:11)
  Joseph (D:7)
  31 black mambas
  12 water nymphs
  11 merfolk sirens
  2 vault sentinels
  14 cane toads
  An orange demon (Abyss:1)
  A gargoyle (D:11)
  A centaur skeleton (D:15)
  An unseen horror (D:7)
  A rime drake (Lair:5)
  14 yaktaurs
  An ancient zyme (Abyss:1)
  3 tengu conjurers
  9 komodo dragons
  4 meliai (D:10)
  40 merfolk
  6 wind drakes
  2 polar bears
  Prince Ribbit (D:9)
  5 hornets
  11 trolls
  18 slime creatures
  A large abomination (Abyss:1)
  A tarantella (Vaults:1)
  21 blink frogs
  6 dream sheep
  10 snapping turtles
  5 starcursed masses (Abyss:1)
  A culicivora (Vaults:1)
  A shadow (D:12)
  A centaur simulacrum (D:15)
  3 wraiths (Lair:5)
  12 spriggans (Lair:5)
  Sigmund (D:3)
  2 vampires
  14 water elementals
  7 wyverns
  Eustachio (D:5)
  38 yaks
  4 hogs (Snake:3)
  A human (D:14)
  7 basilisks
  5 steam dragons
  2 wargs
  A redback (Vaults:1)
  Edmund (D:5)
  3 acid dragons
  9 nagas
  An acid dragon (shapeshifter) (D:10)
  8 water moccasins
  24 orc warriors
  3 sky beasts
  3 ice beasts
  2 small abominations (Abyss:1)
  4 boggarts (Lair:5)
  8 black bears
  11 ogres
  29 wolves
  6 centaurs
  A lemure (D:6)
  2 phantoms
  2 kobold brigands
  5 scorpions
  14 bullfrogs
  4 necrophages
  10 wights
  9 killer bees
  6 electric eels
  6 howler monkeys
  5 lava snakes (Lair:1)
  A quasit (D:5)
  30 orc priests
  2 hounds
  2 gnoll boudas
  7 jellies
  Jessica (D:2)
  27 orc wizards
  7 iguanas
  4 hell rats (Lair:3)
  6 adders
  14 gnolls
  3 shadow imps
  4 white imps
  9 ufetubi
  2 worms
  4 dart slugs
  68 orcs
  9 bats
  8 endoplasms
  5 giant cockroaches
  5 goblins
  8 hobgoblins
  5 jackals (D:1)
  12 kobolds
  4 quokkas
  11 ball pythons
  6 frilled lizards
  7 rats
  A rat zombie (D:4)
  3 starspawn tentacles (Abyss:1)
  6 tentacles
1099 creatures vanquished.

Vanquished Creatures (collateral kills)
  Roxanne (Shoals:1)
  A merfolk impaler (Shoals:4)
  2 merfolk avatars
  A peacekeeper (Vaults:1)
  2 hydras
  An ugly thing (D:12)
  2 merfolk (Shoals:4)
  2 water elementals
  Grum (D:8)
  2 orc warriors (Orc:2)
  A wolf (D:8)
  An electric eel (D:12)
  3 orc priests (Orc:2)
  3 orc wizards (Orc:2)
  An orc (Orc:2)
24 creatures vanquished.

Vanquished Creatures (others)
  An ogre mage (D:14)
  An orc (Orc:2)
  A demonic plant (D:5)
  34 fungi
  140 plants
  4 starspawn tentacles (Abyss:1)
  7 tentacles
188 creatures vanquished.

Grand Total: 1311 creatures vanquished

Notes
Turn   | Place    | Note
-------+----------+-------------------------------------------
     0 | D:1      | qw the Minotaur Berserker began the quest for the Orb.
     0 | D:1      | Reached XP level 1. HP: 19/19 MP: 0/0
     0 | D:1      | 0 ||| qw: Version: 0.1-a-119-g272c26d
     0 | D:1      | 0 ||| qw: Game counter: 11015
     0 | D:1      | 0 ||| qw: Always use a shield: true
     0 | D:1      | 0 ||| qw: Do Orc after D:15 true
     0 | D:1      | 0 ||| qw: Do second Lair branch before Depths: true
     0 | D:1      | 0 ||| qw: Lair rune preference: random
     0 | D:1      | 0 ||| qw: Plans: Normal
     0 | D:1      | 0 ||| PLANNING D:1-11
    53 | D:1      | 53 ||| Stepping ~*~*~tactically~*~*~ (stealth).
    54 | D:1      | 54 ||| Stepping ~*~*~tactically~*~*~ (stealth).
    55 | D:1      | 55 ||| Stepping ~*~*~tactically~*~*~ (stealth).
   138 | D:1      | 138 ||| Stepping ~*~*~tactically~*~*~ (stealth).
   139 | D:1      | 139 ||| Stepping ~*~*~tactically~*~*~ (stealth).
   140 | D:1      | 140 ||| Stepping ~*~*~tactically~*~*~ (stealth).
   142 | D:1      | 142 ||| Stepping ~*~*~tactically~*~*~ (stealth).
   144 | D:1      | 144 ||| Stepping ~*~*~tactically~*~*~ (stealth).
   146 | D:1      | 146 ||| Stepping ~*~*~tactically~*~*~ (stealth).
   262 | D:1      | Reached XP level 2. HP: 26/26 MP: 1/1
   269 | D:1      | 269 ||| Stepping ~*~*~tactically~*~*~ (stealth).
   271 | D:1      | 271 ||| Stepping ~*~*~tactically~*~*~ (stealth).
   272 | D:1      | 272 ||| Stepping ~*~*~tactically~*~*~ (stealth).
   273 | D:1      | 273 ||| Stepping ~*~*~tactically~*~*~ (stealth).
   274 | D:1      | 274 ||| Stepping ~*~*~tactically~*~*~ (stealth).
   509 | D:1      | 509 ||| Stepping ~*~*~tactically~*~*~ (stealth).
   515 | D:1      | 515 ||| Stepping ~*~*~tactically~*~*~ (stealth).
   650 | D:1      | 650 ||| DROPPING +0 club.
  1137 | D:1      | 1137 ||| Stepping ~*~*~tactically~*~*~ (stealth).
  1141 | D:1      | Reached XP level 3. HP: 31/31 MP: 2/2
  1208 | D:1      | 1208 ||| UPGRADING to amulet of guardian spirit.
  1213 | D:1      | 1213 ||| READING scroll labelled NIATHO KIYNEATI.
  1218 | D:1      | 1218 ||| READING scroll labelled TOSMOSASOG.
  1219 | D:1      | 1219 ||| READING scroll labelled ORGHIO FORGHA.
  1220 | D:1      | 1220 ||| READING scroll labelled UGOAKI CIANK.
  1221 | D:1      | 1221 ||| DRINKING 3 sedimented black potions.
  1222 | D:1      | 1222 ||| DRINKING 2 fuming white potions.
  1232 | D:2      | Found a hide-covered altar of Uskayaw.
  1276 | D:2      | Identified the +5 scale mail "Curuh" {rF+ Will++ Int+2}
  1278 | D:2      | 1278 ||| DROPPING +0 mace.
  1294 | D:2      | Found a faded altar of an unknown god.
  1357 | D:2      | 1357 ||| Stepping ~*~*~tactically~*~*~ (stealth).
  1358 | D:2      | 1358 ||| Stepping ~*~*~tactically~*~*~ (stealth).
  1377 | D:2      | 1377 ||| Stepping ~*~*~tactically~*~*~ (stealth).
  1379 | D:2      | 1379 ||| Stepping ~*~*~tactically~*~*~ (hiding).
  1397 | D:2      | 1397 ||| Stepping ~*~*~tactically~*~*~ (stealth).
  1400 | D:2      | 1400 ||| Stepping ~*~*~tactically~*~*~ (stealth).
  1401 | D:2      | 1401 ||| Stepping ~*~*~tactically~*~*~ (stealth).
  1402 | D:2      | 1402 ||| Stepping ~*~*~tactically~*~*~ (stealth).
  1403 | D:2      | 1403 ||| Stepping ~*~*~tactically~*~*~ (stealth).
  1404 | D:2      | 1404 ||| Stepping ~*~*~tactically~*~*~ (stealth).
  1408 | D:2      | 1408 ||| Stepping ~*~*~tactically~*~*~ (stealth).
  1409 | D:2      | 1409 ||| Stepping ~*~*~tactically~*~*~ (stealth).
  1412 | D:2      | 1412 ||| Stepping ~*~*~tactically~*~*~ (stealth).
  1433 | D:2      | Reached ** piety under Trog
  1532 | D:2      | 1532 ||| INVOKING Berserk.
  1534 | D:2      | Reached XP level 4. HP: 39/39 MP: 3/3
  1535 | D:2      | Reached skill level 6 in Axes
  1662 | D:2      | 1662 ||| READING scroll of brand weapon.
  1662 | D:2      | 1662 ||| BRANDING +0 hand axe of venom.
  1663 | D:2      | 1663 ||| DROPPING +0 flail.
  1674 | D:2      | Noticed Jessica
  1675 | D:2      | 1675 ||| Stepping ~*~*~tactically~*~*~ (hiding).
  1676 | D:2      | 1676 ||| Stepping ~*~*~tactically~*~*~ (hiding).
  1681 | D:2      | Killed Jessica
  2091 | D:2      | 2091 ||| UPGRADING to +5 scale mail "Curuh" {rF+ Will++
                  | Int+2}.
  2101 | D:2      | 2101 ||| DROPPING +0 animal skin.
  2102 | D:2      | 2102 ||| READING scroll labelled ZURGHU SOLURPHA.
  2103 | D:2      | 2103 ||| READING scroll labelled KAQEFUTACE.
  2104 | D:2      | 2104 ||| READING scroll labelled BOTOKIE SAWAIMET.
  2105 | D:2      | 2105 ||| READING scroll labelled CAME QAMMEOS.
  2106 | D:2      | 2106 ||| DRINKING 3 gluggy blue potions.
  2139 | D:2      | 2139 ||| READING 3 scrolls of identify.
  2139 | D:2      | 2139 ||| IDENTIFYING bubbling black potion
  2140 | D:2      | 2140 ||| READING 2 scrolls of identify.
  2140 | D:2      | 2140 ||| IDENTIFYING amethyst potion
  2141 | D:2      | 2141 ||| DROPPING potion of flight.
  2142 | D:2      | 2142 ||| DROPPING potion of brilliance.
  2143 | D:2      | 2143 ||| DROPPING 2 potions of lignification.
  2325 | D:3      | 2325 ||| Stepping ~*~*~tactically~*~*~ (stealth).
  2461 | D:3      | Noticed Sigmund
  2462 | D:3      | 2462 ||| Stepping ~*~*~tactically~*~*~ (hiding).
  2465 | D:3      | 2465 ||| INVOKING Berserk.
  2469 | D:3      | Killed Sigmund
  2470 | D:3      | Reached XP level 5. HP: 45/45 MP: 4/4
  2470 | D:3      | Reached XP level 6. HP: 51/51 MP: 5/5
  2575 | D:3      | Found a bloodstained altar of Trog.
  2762 | D:3      | 2762 ||| READING 2 scrolls labelled KIAB WOVIDET.
  2763 | D:3      | 2763 ||| DROPPING scroll of summoning.
  2794 | D:4      | 2794 ||| PLANNING OSSUARY
  2800 | D:4      | 2800 ||| Stepping ~*~*~tactically~*~*~ (hiding).
  2943 | D:4      | Reached skill level 4 in Fighting
  3064 | D:4      | Reached *** piety under Trog
  3090 | D:4      | 3090 ||| INVOKING Berserk.
  3331 | D:4      | Reached skill level 9 in Axes
  3340 | D:4      | 3340 ||| Stepping ~*~*~tactically~*~*~ (hiding).
  3346 | D:4      | 3346 ||| INVOKING Berserk.
  3357 | D:4      | Reached skill level 5 in Fighting
  3357 | D:4      | Reached XP level 7. HP: 60/61 MP: 6/6
  3500 | D:4      | 3500 ||| Stepping ~*~*~tactically~*~*~ (stealth).
  3849 | D:4      | 3849 ||| RIP OSSUARY
  3849 | D:4      | 3849 ||| RIP SEWER
  3849 | D:4      | 3849 ||| PLANNING D:1-11
  3849 | D:4      | 3849 ||| READING scroll labelled FAEDGH EKASS.
  3850 | D:4      | 3850 ||| READING scroll labelled WITYAL NOMIQAF.
  3865 | D:5      | Entered Level 5 of the Dungeon
  3909 | D:5      | 3909 ||| INVOKING Berserk.
  3931 | D:5      | 3931 ||| Stepping ~*~*~tactically~*~*~ (stealth).
  4101 | D:5      | 4101 ||| FLEEEEING.
  4102 | D:5      | 4102 ||| FLEEEEING.
  4103 | D:5      | 4103 ||| FLEEEEING.
  4104 | D:5      | 4104 ||| FLEEEEING.
  4105 | D:5      | 4105 ||| FLEEEEING.
  4106 | D:5      | 4106 ||| FLEEEEING.
  4107 | D:5      | 4107 ||| FLEEEEING.
  4108 | D:5      | 4108 ||| FLEEEEING.
  4110 | D:5      | 4110 ||| Stepping ~*~*~tactically~*~*~ (hiding).
  4112 | D:5      | 4112 ||| Stepping ~*~*~tactically~*~*~ (hiding).
  4115 | D:5      | 4115 ||| INVOKING Berserk.
  4304 | D:5      | 4304 ||| Stepping ~*~*~tactically~*~*~ (stealth).
  4318 | D:5      | 4318 ||| Stepping ~*~*~tactically~*~*~ (stealth).
  4320 | D:5      | 4320 ||| Stepping ~*~*~tactically~*~*~ (hiding).
  4348 | D:5      | 4348 ||| INVOKING Berserk.
  4351 | D:5      | Reached skill level 6 in Fighting
  4359 | D:5      | 4359 ||| Stepping ~*~*~tactically~*~*~ (stealth).
  4365 | D:5      | 4365 ||| Stepping ~*~*~tactically~*~*~ (stealth).
  4384 | D:5      | 4384 ||| FLEEEEING.
  4385 | D:5      | 4385 ||| FLEEEEING.
  4386 | D:5      | 4386 ||| FLEEEEING.
  4388 | D:5      | 4388 ||| FLEEEEING.
  4389 | D:5      | 4389 ||| FLEEEEING.
  4390 | D:5      | 4390 ||| FLEEEEING.
  4391 | D:5      | 4391 ||| FLEEEEING.
  4392 | D:5      | 4392 ||| FLEEEEING.
  4393 | D:5      | 4393 ||| FLEEEEING.
  4394 | D:5      | 4394 ||| FLEEEEING.
  4395 | D:5      | 4395 ||| FLEEEEING.
  4396 | D:5      | 4396 ||| FLEEEEING.
  4398 | D:5      | 4398 ||| INVOKING Berserk.
  4400 | D:5      | Reached XP level 8. HP: 70/70 MP: 7/7
  4571 | D:5      | Noticed Eustachio
  4572 | D:5      | 4572 ||| Stepping ~*~*~tactically~*~*~ (stealth).
  4578 | D:5      | 4578 ||| INVOKING Berserk.
  4583 | D:5      | Killed Eustachio
  4748 | D:5      | Noticed Edmund
  4753 | D:5      | 4753 ||| INVOKING Berserk.
  4758 | D:5      | Killed Edmund
  4917 | D:5      | 4917 ||| READING 2 scrolls labelled TATZABBUMU.
  4918 | D:5      | 4918 ||| READING scroll labelled HOFONU ZONA.
  5019 | D:5      | 5019 ||| READING 2 scrolls of identify.
  5019 | D:5      | 5019 ||| IDENTIFYING fuming puce potion
  5020 | D:5      | 5020 ||| DROPPING scroll of blinking.
  5376 | D:6      | Reached skill level 12 in Axes
  5423 | D:6      | 5423 ||| Stepping ~*~*~tactically~*~*~ (stealth).
  5430 | D:6      | 5430 ||| FLEEEEING.
  5431 | D:6      | 5431 ||| FLEEEEING.
  5512 | D:6      | 5512 ||| FLEEEEING.
  5513 | D:6      | 5513 ||| FLEEEEING.
  5514 | D:6      | 5514 ||| FLEEEEING.
  5515 | D:6      | 5515 ||| FLEEEEING.
  5516 | D:6      | 5516 ||| FLEEEEING.
  5517 | D:6      | 5517 ||| FLEEEEING.
  5518 | D:6      | 5518 ||| FLEEEEING.
  5519 | D:6      | 5519 ||| FLEEEEING.
  5520 | D:6      | 5520 ||| FLEEEEING.
  5523 | D:6      | 5523 ||| FLEEEEING.
  5524 | D:6      | 5524 ||| FLEEEEING.
  5525 | D:6      | 5525 ||| FLEEEEING.
  5526 | D:6      | 5526 ||| FLEEEEING.
  5527 | D:6      | 5527 ||| FLEEEEING.
  5528 | D:6      | 5528 ||| FLEEEEING.
  5529 | D:6      | 5529 ||| FLEEEEING.
  5530 | D:6      | 5530 ||| FLEEEEING.
  5531 | D:6      | 5531 ||| FLEEEEING.
  5532 | D:6      | 5532 ||| FLEEEEING.
  5533 | D:6      | 5533 ||| FLEEEEING.
  5538 | D:6      | 5538 ||| FLEEEEING.
  5539 | D:6      | 5539 ||| FLEEEEING.
  5540 | D:6      | 5540 ||| FLEEEEING.
  5541 | D:6      | 5541 ||| FLEEEEING.
  5548 | D:6      | 5548 ||| STAIRDANCE
  5633 | D:6      | 5633 ||| STAIRDANCE
  5650 | D:6      | 5650 ||| STAIRDANCE
  5656 | D:5      | Reached skill level 1 in Throwing
  5743 | D:6      | 5743 ||| STAIRDANCE
  5749 | D:5      | Reached skill level 7 in Fighting
  5785 | D:6      | 5785 ||| STAIRDANCE
  5887 | D:6      | Reached skill level 3 in Armour
  5970 | D:6      | Found a basalt altar of Yredelemnul.
  5993 | D:6      | 5993 ||| INVOKING Berserk.
  6005 | D:6      | Reached XP level 9. HP: 79/79 MP: 6/8
  6009 | D:6      | Reached **** piety under Trog
  6028 | D:6      | Reached skill level 3 in Dodging
  6144 | D:6      | 6144 ||| SWAPPING to +0 war axe.
  6230 | D:6      | 6230 ||| Stepping ~*~*~tactically~*~*~ (stealth).
  6231 | D:6      | 6231 ||| Stepping ~*~*~tactically~*~*~ (stealth).
  6232 | D:6      | Noticed Pikel
  6233 | D:6      | 6233 ||| Stepping ~*~*~tactically~*~*~ (stealth).
  6240 | D:6      | 6240 ||| INVOKING Berserk.
  6246 | D:6      | Killed Pikel
  6247 | D:6      | Reached skill level 9 in Fighting
  6413 | D:6      | Found a white marble altar of Elyvilon.
  6471 | D:6      | Found Momeeg's Magic Scroll Shoppe.
  6476 | D:6      | 6476 ||| BUYING scroll of identify (28 gold).
  6476 | D:6      | Bought a scroll of identify for 28 gold pieces
  6476 | D:6      | 6476 ||| BUYING scroll of identify (28 gold).
  6476 | D:6      | Bought a scroll of identify for 28 gold pieces
  6476 | D:6      | 6476 ||| BUYING scroll of teleportation (42 gold).
  6476 | D:6      | Bought a scroll of teleportation for 42 gold pieces
  6534 | D:6      | Found a staircase to the Ecumenical Temple.
  6555 | D:6      | 6555 ||| INVOKING Berserk.
  6708 | D:6      | 6708 ||| Stepping ~*~*~tactically~*~*~ (hiding).
  6819 | D:6      | Found a sparkling altar of Nemelex Xobeh.
  6879 | D:6      | 6879 ||| READING scroll labelled DOMOMEDUECS.
  6880 | D:6      | 6880 ||| READING 3 scrolls of identify.
  6880 | D:6      | 6880 ||| IDENTIFYING silvery potion
  6881 | D:6      | 6881 ||| READING 2 scrolls of identify.
  6881 | D:6      | 6881 ||| IDENTIFYING lumpy yellow potion
  6882 | D:6      | 6882 ||| DROPPING potion of invisibility.
  6901 | D:7      | 6901 ||| STAIRDANCE
  7123 | D:7      | 7123 ||| INVOKING Berserk.
  7315 | D:7      | Noticed Joseph
  7316 | D:7      | Noticed a +3 hand axe
  7316 | D:7      | Noticed a +0 dagger
  7318 | D:7      | 7318 ||| FLEEEEING.
  7319 | D:7      | 7319 ||| FLEEEEING.
  7320 | D:7      | 7320 ||| FLEEEEING.
  7321 | D:7      | 7321 ||| FLEEEEING.
  7322 | D:7      | 7322 ||| FLEEEEING.
  7332 | D:7      | 7332 ||| FLEEEEING.
  7333 | D:7      | 7333 ||| FLEEEEING.
  7334 | D:7      | 7334 ||| FLEEEEING.
  7335 | D:7      | 7335 ||| FLEEEEING.
  7336 | D:7      | 7336 ||| FLEEEEING.
  7337 | D:7      | 7337 ||| FLEEEEING.
  7338 | D:7      | 7338 ||| FLEEEEING.
  7339 | D:7      | 7339 ||| FLEEEEING.
  7340 | D:7      | 7340 ||| FLEEEEING.
  7341 | D:7      | 7341 ||| FLEEEEING.
  7342 | D:7      | 7342 ||| FLEEEEING.
  7343 | D:7      | 7343 ||| FLEEEEING.
  7344 | D:7      | 7344 ||| FLEEEEING.
  7345 | D:7      | 7345 ||| FLEEEEING.
  7346 | D:7      | 7346 ||| FLEEEEING.
  7347 | D:7      | 7347 ||| FLEEEEING.
  7348 | D:7      | 7348 ||| FLEEEEING.
  7349 | D:7      | 7349 ||| FLEEEEING.
  7350 | D:7      | 7350 ||| FLEEEEING.
  7351 | D:7      | 7351 ||| FLEEEEING.
  7352 | D:7      | 7352 ||| FLEEEEING.
  7353 | D:7      | 7353 ||| FLEEEEING.
  7354 | D:7      | 7354 ||| FLEEEEING.
  7355 | D:7      | 7355 ||| FLEEEEING.
  7356 | D:7      | 7356 ||| FLEEEEING.
  7380 | D:7      | Killed Joseph
  7552 | D:7      | Reached XP level 10. HP: 71/91 MP: 9/9
  7813 | D:7      | 7813 ||| Stepping ~*~*~tactically~*~*~ (hiding).
  7890 | D:7      | Reached skill level 15 in Axes
  7939 | D:7      | Found Capihege's General Store.
  7949 | D:7      | 7949 ||| BUYING +0 pair of gloves (58 gold).
  7949 | D:7      | Bought a +0 pair of gloves for 58 gold pieces
  7949 | D:7      | 7949 ||| BUYING potion of mutation (104 gold).
  7949 | D:7      | Bought a potion of mutation for 104 gold pieces
  7997 | D:7      | 7997 ||| INVOKING Berserk.
  8149 | D:7      | Noticed a manticore
  8150 | D:7      | 8150 ||| INVOKING Berserk.
  8160 | D:7      | Killed a manticore
  8276 | D:7      | Identified the ring "Qoushic" {Str+2 Dex+6}
  8291 | D:7      | 8291 ||| INVOKING Berserk.
  8458 | D:7      | Reached skill level 10 in Fighting
  8658 | D:7      | 8658 ||| INVOKING Berserk.
  8866 | D:7      | Found a hide-covered altar of Uskayaw.
  8986 | D:7      | Reached skill level 11 in Fighting
  9164 | D:7      | 9164 ||| UPGRADING to +0 pair of gloves.
  9169 | D:7      | 9169 ||| DROPPING +0 ring mail of poison resistance.
  9170 | D:7      | 9170 ||| UPGRADING to ring "Qoushic" {Str+2 Dex+6}.
  9229 | D:8      | Reached ***** piety under Trog
  9315 | D:8      | 9315 ||| Stepping ~*~*~tactically~*~*~ (hiding).
  9318 | D:8      | 9318 ||| Stepping ~*~*~tactically~*~*~ (hiding).
  9328 | D:8      | 9328 ||| Stepping ~*~*~tactically~*~*~ (stealth).
  9329 | D:8      | 9329 ||| Stepping ~*~*~tactically~*~*~ (stealth).
  9330 | D:8      | 9330 ||| Stepping ~*~*~tactically~*~*~ (stealth).
  9405 | D:8      | 9405 ||| INVOKING Berserk.
  9572 | D:8      | Noticed Grum
  9573 | D:8      | 9573 ||| Stepping ~*~*~tactically~*~*~ (hiding).
  9575 | D:8      | 9575 ||| INVOKING Brothers in Arms.
  9576 | D:8      | Killed Grum
  9580 | D:8      | Reached XP level 11. HP: 97/102 MP: 8/10
  9765 | D:8      | 9765 ||| INVOKING Berserk.
 10057 | D:8      | Noticed a two-headed ogre
 10225 | D:8      | Found an opulent altar of Gozag.
 10271 | D:8      | 10271 ||| INVOKING Berserk.
 10275 | D:8      | Killed a two-headed ogre
 10276 | D:8      | Reached skill level 6 in Dodging
 10459 | D:8      | 10459 ||| READING scroll labelled EWNEWOIGIO.
 10507 | D:9      | 10507 ||| INVOKING Berserk.
 10512 | D:9      | HP: 33/147 [wight/+4 halberd (12)]
 10518 | D:9      | HP: 30/144 [poisoned by a hornet]
 10826 | D:9      | 10826 ||| Stepping ~*~*~tactically~*~*~ (hiding).
 10827 | D:9      | 10827 ||| Stepping ~*~*~tactically~*~*~ (stealth).
 10828 | D:9      | 10828 ||| Stepping ~*~*~tactically~*~*~ (hiding).
 10829 | D:9      | 10829 ||| Stepping ~*~*~tactically~*~*~ (hiding).
 10832 | D:9      | 10832 ||| INVOKING Berserk.
 10963 | D:9      | 10963 ||| Stepping ~*~*~tactically~*~*~ (stealth).
 10998 | D:9      | Noticed Prince Ribbit
 11007 | D:9      | Killed Prince Ribbit
 11022 | D:9      | 11022 ||| Stepping ~*~*~tactically~*~*~ (stealth).
 11044 | D:9      | 11044 ||| INVOKING Berserk.
 11247 | D:9      | 11247 ||| FLEEEEING.
 11271 | D:9      | Reached skill level 6 in Armour
 11317 | D:9      | Found a broken altar of Ashenzari.
 11319 | D:9      | Found a sacrificial altar of Ru.
 11401 | D:9      | Noticed Maurice
 11421 | D:9      | Killed Maurice
 11423 | D:9      | HP: 24/102 [poisoned by Maurice]
 11428 | D:9      | HP: 16/102 [poisoned by Maurice]
 11812 | D:9      | 11812 ||| Stepping ~*~*~tactically~*~*~ (stealth).
 11813 | D:9      | 11813 ||| Stepping ~*~*~tactically~*~*~ (hiding).
 11816 | D:9      | 11816 ||| INVOKING Berserk.
 11821 | D:9      | Noticed Erica
 11828 | D:9      | Killed Erica
 11977 | D:9      | Found a snail-covered altar of Cheibriados.
 12035 | D:9      | 12035 ||| UPGRADING to +0 cloak of poison resistance.
 12040 | D:9      | 12040 ||| READING 2 scrolls of identify.
 12040 | D:9      | 12040 ||| IDENTIFYING bubbling pink potion
 12041 | D:9      | 12041 ||| DROPPING potion of ambrosia.
 12060 | D:9      | 12060 ||| Stepping ~*~*~tactically~*~*~ (hiding).
 12062 | D:9      | 12062 ||| Stepping ~*~*~tactically~*~*~ (hiding).
 12066 | D:9      | 12066 ||| INVOKING Berserk.
 12225 | D:10     | Entered Level 10 of the Dungeon
 12245 | D:10     | 12245 ||| INVOKING Berserk.
 12304 | D:10     | Found a staircase to the Lair.
 12315 | D:10     | 12315 ||| INVOKING Berserk.
 12478 | D:10     | Identified the +2 flail of the Ancient Orbs {venom, Contam
                  | rElec rCorr Int+5}
 12499 | D:10     | 12499 ||| Stepping ~*~*~tactically~*~*~ (stealth).
 12500 | D:10     | 12500 ||| INVOKING Berserk.
 12505 | D:10     | Reached skill level 12 in Fighting
 12751 | D:10     | Noticed a boulder beetle
 12761 | D:10     | 12761 ||| Stepping ~*~*~tactically~*~*~ (stealth).
 12869 | D:10     | 12869 ||| Stepping ~*~*~tactically~*~*~ (stealth).
 12912 | D:10     | 12912 ||| Stepping ~*~*~tactically~*~*~ (stealth).
 12915 | D:10     | 12915 ||| Stepping ~*~*~tactically~*~*~ (stealth).
 12928 | D:10     | 12928 ||| Stepping ~*~*~tactically~*~*~ (stealth).
 12941 | D:10     | 12941 ||| Stepping ~*~*~tactically~*~*~ (stealth).
 12942 | D:10     | 12942 ||| Stepping ~*~*~tactically~*~*~ (stealth).
 12943 | D:10     | 12943 ||| Stepping ~*~*~tactically~*~*~ (stealth).
 13026 | D:10     | 13026 ||| FLEEEEING.
 13027 | D:10     | 13027 ||| FLEEEEING.
 13028 | D:10     | 13028 ||| FLEEEEING.
 13105 | D:10     | Found a white marble altar of Elyvilon.
 13191 | D:10     | 13191 ||| INVOKING Berserk.
 13426 | D:10     | 13426 ||| INVOKING Berserk.
 13766 | D:10     | 13766 ||| Stepping ~*~*~tactically~*~*~ (stealth).
 13857 | D:9      | Found an ancient bone altar of Kikubaaqudgha.
 13861 | D:9      | 13861 ||| PLANNING LAIR
 13908 | Lair:1   | Entered Level 1 of the Lair of Beasts
 13920 | Lair:1   | 13920 ||| Stepping ~*~*~tactically~*~*~ (hiding).
 13921 | Lair:1   | 13921 ||| INVOKING Berserk.
 13934 | Lair:1   | Reached skill level 13 in Fighting
 14062 | Lair:1   | Noticed a five-headed hydra
 14063 | Lair:1   | 14063 ||| INVOKING Brothers in Arms.
 14064 | Lair:1   | Noticed a boulder beetle
 14065 | Lair:1   | 14065 ||| SWAPPING to +0 hand axe of flaming.
 14067 | Lair:1   | 14067 ||| INVOKING Berserk.
 14071 | Lair:1   | Killed a two-headed hydra
 14084 | Lair:1   | Reached XP level 12. HP: 115/115 MP: 9/11
 14086 | Lair:1   | Killed a boulder beetle
 14088 | Lair:1   | 14088 ||| SWAPPING to +1 war axe.
 14281 | Lair:1   | 14281 ||| INVOKING Berserk.
 14286 | Lair:1   | Reached skill level 9 in Dodging
 14594 | Lair:1   | 14594 ||| Stepping ~*~*~tactically~*~*~ (stealth).
 14626 | Lair:1   | 14626 ||| INVOKING Berserk.
 14895 | Lair:1   | Reached skill level 14 in Fighting
 15065 | Lair:1   | 15065 ||| INVOKING Berserk.
 15289 | Lair:1   | 15289 ||| INVOKING Berserk.
 15662 | Lair:1   | Noticed a seven-headed hydra
 15663 | Lair:1   | 15663 ||| INVOKING Brothers in Arms.
 15664 | Lair:1   | 15664 ||| SWAPPING to +0 hand axe of flaming.
 15666 | Lair:1   | 15666 ||| INVOKING Berserk.
 15671 | Lair:1   | Killed a two-headed hydra
 15694 | Lair:1   | 15694 ||| SWAPPING to +1 war axe.
 15982 | Lair:1   | 15982 ||| DROPPING amulet of magic regeneration.
 15983 | Lair:1   | 15983 ||| DROPPING amulet of faith.
 15984 | Lair:1   | 15984 ||| READING scroll labelled KYGIL UPTIETU.
 15985 | Lair:1   | 15985 ||| READING 2 scrolls of identify.
 15985 | Lair:1   | 15985 ||| IDENTIFYING fuming yellow potion
 15986 | Lair:1   | 15986 ||| DROPPING potion of berserk rage.
 16046 | Lair:2   | Reached skill level 9 in Armour
 16066 | Lair:2   | 16066 ||| Stepping ~*~*~tactically~*~*~ (stealth).
 16069 | Lair:2   | 16069 ||| Stepping ~*~*~tactically~*~*~ (stealth).
 16116 | Lair:2   | 16116 ||| INVOKING Berserk.
 16244 | Lair:2   | Noticed a four-headed hydra
 16245 | Lair:2   | 16245 ||| INVOKING Brothers in Arms.
 16246 | Lair:2   | 16246 ||| INVOKING Brothers in Arms.
 16247 | Lair:2   | 16247 ||| INVOKING Brothers in Arms.
 16248 | Lair:2   | 16248 ||| INVOKING Brothers in Arms.
 16249 | Lair:2   | 16249 ||| INVOKING Brothers in Arms.
 16250 | Lair:2   | 16250 ||| SWAPPING to +0 hand axe of flaming.
 16251 | Lair:2   | 16251 ||| INVOKING Berserk.
 16253 | Lair:2   | Killed a two-headed hydra
 16258 | Lair:2   | 16258 ||| SWAPPING to +1 war axe.
 16431 | Lair:2   | 16431 ||| READING scroll of enchant armour.
 16431 | Lair:2   | 16431 ||| ENCHANTING +0 pair of gloves.
 16437 | Lair:2   | Found a staircase to the Shoals.
 16468 | Lair:2   | 16468 ||| Stepping ~*~*~tactically~*~*~ (stealth).
 16576 | Lair:2   | Reached skill level 15 in Fighting
 16750 | Lair:2   | 16750 ||| INVOKING Berserk.
 16885 | Lair:2   | 16885 ||| Stepping ~*~*~tactically~*~*~ (hiding).
 16889 | Lair:2   | 16889 ||| Stepping ~*~*~tactically~*~*~ (hiding).
 16999 | Lair:2   | 16999 ||| INVOKING Berserk.
 17017 | Lair:2   | 17017 ||| FLEEEEING.
 17018 | Lair:2   | 17018 ||| FLEEEEING.
 17019 | Lair:2   | 17019 ||| FLEEEEING.
 17020 | Lair:2   | 17020 ||| STAIRDANCE
 17132 | Lair:1   | 17132 ||| DRINKING 2 golden potions.
 17136 | Lair:2   | 17136 ||| Stepping ~*~*~tactically~*~*~ (stealth).
 17137 | Lair:2   | 17137 ||| INVOKING Berserk.
 17439 | Lair:2   | Reached skill level 16 in Fighting
 17754 | Lair:3   | 17754 ||| Stepping ~*~*~tactically~*~*~ (hiding).
 17755 | Lair:3   | 17755 ||| Stepping ~*~*~tactically~*~*~ (stealth).
 17756 | Lair:3   | 17756 ||| Stepping ~*~*~tactically~*~*~ (stealth).
 17759 | Lair:3   | 17759 ||| Stepping ~*~*~tactically~*~*~ (hiding).
 17779 | Lair:3   | 17779 ||| Stepping ~*~*~tactically~*~*~ (stealth).
 17780 | Lair:3   | 17780 ||| Stepping ~*~*~tactically~*~*~ (stealth).
 17786 | Lair:3   | 17786 ||| Stepping ~*~*~tactically~*~*~ (stealth).
 17787 | Lair:3   | 17787 ||| Stepping ~*~*~tactically~*~*~ (stealth).
 17793 | Lair:3   | 17793 ||| Stepping ~*~*~tactically~*~*~ (stealth).
 17800 | Lair:3   | Reached XP level 13. HP: 123/128 MP: 12/12
 17831 | Lair:3   | 17831 ||| READING scroll of enchant weapon.
 17831 | Lair:3   | 17831 ||| ENCHANTING +1 war axe.
 17867 | Lair:3   | 17867 ||| READING scroll of enchant weapon.
 17867 | Lair:3   | 17867 ||| ENCHANTING +2 war axe.
 17885 | Lair:3   | Found a staircase to the Snake Pit.
 17919 | Lair:3   | 17919 ||| INVOKING Brothers in Arms.
 17920 | Lair:3   | 17920 ||| INVOKING Brothers in Arms.
 17922 | Lair:3   | 17922 ||| SWAPPING to +0 hand axe of flaming.
 17923 | Lair:3   | 17923 ||| INVOKING Berserk.
 17948 | Lair:3   | 17948 ||| SWAPPING to +3 war axe.
 18082 | Lair:3   | 18082 ||| INVOKING Berserk.
 18312 | Lair:3   | 18312 ||| INVOKING Berserk.
 18749 | Lair:3   | 18749 ||| Stepping ~*~*~tactically~*~*~ (hiding).
 18755 | Lair:3   | 18755 ||| INVOKING Berserk.
 18957 | Lair:3   | 18957 ||| Stepping ~*~*~tactically~*~*~ (cloud).
 18960 | Lair:3   | 18960 ||| INVOKING Berserk.
 18971 | Lair:3   | 18971 ||| Stepping ~*~*~tactically~*~*~ (cloud).
 19304 | Lair:3   | 19304 ||| READING 2 scrolls of identify.
 19304 | Lair:3   | 19304 ||| IDENTIFYING metallic ruby potion
 19408 | Lair:4   | 19408 ||| INVOKING Berserk.
 19426 | Lair:4   | Reached skill level 3 in Throwing
 19472 | Lair:4   | 19472 ||| Stepping ~*~*~tactically~*~*~ (stealth).
 19473 | Lair:4   | 19473 ||| Stepping ~*~*~tactically~*~*~ (stealth).
 19500 | Lair:4   | Reached skill level 17 in Fighting
 19672 | Lair:4   | 19672 ||| INVOKING Berserk.
 20001 | Lair:4   | 20001 ||| INVOKING Brothers in Arms.
 20002 | Lair:4   | 20002 ||| INVOKING Brothers in Arms.
 20003 | Lair:4   | 20003 ||| INVOKING Brothers in Arms.
 20004 | Lair:4   | 20004 ||| SWAPPING to +0 hand axe of flaming.
 20005 | Lair:4   | 20005 ||| INVOKING Berserk.
 20012 | Lair:4   | 20012 ||| SWAPPING to +3 war axe.
 20154 | Lair:4   | 20154 ||| INVOKING Berserk.
 20393 | Lair:4   | 20393 ||| INVOKING Berserk.
 20592 | Lair:4   | Found a viscous altar of Jiyva.
 20592 | Lair:4   | Found a staircase to the Slime Pits.
 20682 | Lair:4   | 20682 ||| READING 2 scrolls of identify.
 20682 | Lair:4   | 20682 ||| IDENTIFYING bubbling purple potion
 20683 | Lair:4   | 20683 ||| DROPPING potion of degeneration.
 20735 | Lair:5   | Entered Level 5 of the Lair of Beasts
 20757 | Lair:5   | Noticed Josephine
 20758 | Lair:5   | 20758 ||| Stepping ~*~*~tactically~*~*~ (hiding).
 20771 | Lair:5   | Killed Josephine
 20772 | Lair:5   | 20772 ||| FLEEEEING.
 20773 | Lair:5   | 20773 ||| FLEEEEING.
 20774 | Lair:5   | 20774 ||| FLEEEEING.
 20775 | Lair:5   | 20775 ||| FLEEEEING.
 20776 | Lair:5   | 20776 ||| FLEEEEING.
 20777 | Lair:5   | 20777 ||| STAIRDANCE
 20933 | Lair:5   | Identified the +11 war axe of Obsession {vorpal, Fly rC++
                  | Str-4}
 20935 | Lair:5   | 20935 ||| SWAPPING to +11 war axe of Obsession {vorpal, Fly
                  | rC++ Str-4}.
 20936 | Lair:5   | 20936 ||| DROPPING +3 war axe.
 20954 | Lair:5   | Noticed Urug
 20955 | Lair:5   | 20955 ||| Stepping ~*~*~tactically~*~*~ (stealth).
 20962 | Lair:5   | 20962 ||| INVOKING Berserk.
 20966 | Lair:5   | Killed Urug
 21136 | Lair:5   | 21136 ||| Stepping ~*~*~tactically~*~*~ (stealth).
 21141 | Lair:5   | 21141 ||| INVOKING Berserk.
 21256 | Lair:5   | 21256 ||| Stepping ~*~*~tactically~*~*~ (stealth).
 21258 | Lair:5   | 21258 ||| INVOKING Berserk.
 21277 | Lair:5   | Reached skill level 6 in Throwing
 21287 | Lair:5   | HP: 33/133 [wolf (4)]
 21288 | Lair:5   | 21288 ||| READING 8 scrolls of teleportation.
 21289 | Lair:5   | 21289 ||| DRINKING 5 potions of heal wounds.
 21630 | Lair:5   | 21630 ||| Stepping ~*~*~tactically~*~*~ (stealth).
 21660 | Lair:5   | 21660 ||| INVOKING Berserk.
 21769 | Lair:5   | 21769 ||| INVOKING Berserk.
 21912 | Lair:5   | 21912 ||| INVOKING Berserk.
 21927 | Lair:5   | 21927 ||| Stepping ~*~*~tactically~*~*~ (cloud).
 22020 | Lair:5   | Reached XP level 14. HP: 140/140 MP: 13/13
 22099 | Lair:5   | Noticed Sonja
 22099 | Abyss:1  | Cast into level 1 of the Abyss (Sonja)
 22100 | Abyss:1  | 22100 ||| UPGRADING to +0 buckler.
 22105 | Abyss:1  | 22105 ||| UPGRADING to +0 buckler of protection.
 22115 | Abyss:1  | 22115 ||| DROPPING +0 buckler.
 22158 | Abyss:1  | 22158 ||| Stepping ~*~*~tactically~*~*~ (stealth).
 22262 | Abyss:1  | 22262 ||| Stepping ~*~*~tactically~*~*~ (stealth).
 22283 | Abyss:1  | Reached skill level 1 in Shields
 22332 | Abyss:1  | 22332 ||| Stepping ~*~*~tactically~*~*~ (stealth).
 22341 | Abyss:1  | 22341 ||| Stepping ~*~*~tactically~*~*~ (stealth).
 22342 | Abyss:1  | 22342 ||| Stepping ~*~*~tactically~*~*~ (stealth).
 22352 | Abyss:1  | Reached skill level 3 in Shields
 22352 | Abyss:1  | 22352 ||| INVOKING Trog's Hand.
 22354 | Abyss:1  | 22354 ||| Stepping ~*~*~tactically~*~*~ (stealth).
 22365 | Abyss:1  | Noticed a tentacled starspawn
 22367 | Abyss:1  | Noticed a starcursed mass
 22369 | Abyss:1  | Killed a tentacled starspawn
 22387 | Abyss:1  | 22387 ||| INVOKING Trog's Hand.
 22447 | Abyss:1  | 22447 ||| Stepping ~*~*~tactically~*~*~ (stealth).
 22529 | Abyss:1  | Noticed a starcursed mass
 22530 | Abyss:1  | 22530 ||| Stepping ~*~*~tactically~*~*~ (stealth).
 22531 | Abyss:1  | 22531 ||| Stepping ~*~*~tactically~*~*~ (stealth).
 22535 | Abyss:1  | 22535 ||| Stepping ~*~*~tactically~*~*~ (stealth).
 22536 | Abyss:1  | Noticed a tentacled starspawn
 22548 | Abyss:1  | Killed a tentacled starspawn
 22549 | Abyss:1  | Reached skill level 6 in Shields
 22556 | Lair:5   | Escaped the Abyss
 22564 | Lair:5   | Killed Sonja
 23245 | Lair:5   | 23245 ||| Stepping ~*~*~tactically~*~*~ (stealth).
 23248 | Lair:5   | 23248 ||| Stepping ~*~*~tactically~*~*~ (stealth).
 23249 | Lair:5   | 23249 ||| INVOKING Berserk.
 23319 | Lair:5   | Identified the +0 chain mail "Bet Kucs" {Harm rN++ Int-2
                  | SInv}
 23445 | Lair:5   | 23445 ||| PLANNING D:1-11
 23659 | D:11     | 23659 ||| Stepping ~*~*~tactically~*~*~ (hiding).
 23666 | D:11     | 23666 ||| Stepping ~*~*~tactically~*~*~ (hiding).
 23667 | D:11     | 23667 ||| Stepping ~*~*~tactically~*~*~ (hiding).
 23677 | D:11     | 23677 ||| INVOKING Berserk.
 23896 | D:11     | 23896 ||| Stepping ~*~*~tactically~*~*~ (stealth).
 23910 | D:11     | Reached skill level 9 in Shields
 24125 | D:11     | 24125 ||| Stepping ~*~*~tactically~*~*~ (stealth).
 24127 | D:11     | 24127 ||| Stepping ~*~*~tactically~*~*~ (hiding).
 24484 | D:11     | 24484 ||| PLANNING D
 24484 | D:11     | 24484 ||| UPGRADING to +0 pair of boots.
 24489 | D:11     | 24489 ||| READING 3 scrolls of identify.
 24489 | D:11     | 24489 ||| IDENTIFYING clear potion
 24490 | D:11     | 24490 ||| READING 2 scrolls of identify.
 24490 | D:11     | 24490 ||| IDENTIFYING cyan potion
 24491 | D:11     | 24491 ||| DROPPING potion of magic.
 24492 | D:11     | 24492 ||| DROPPING potion of attraction.
 24521 | D:12     | 24521 ||| STAIRDANCE
 24600 | D:12     | 24600 ||| Stepping ~*~*~tactically~*~*~ (stealth).
 24603 | D:12     | 24603 ||| Stepping ~*~*~tactically~*~*~ (stealth).
 24607 | D:12     | 24607 ||| Stepping ~*~*~tactically~*~*~ (stealth).
 24619 | D:12     | 24619 ||| FLEEEEING.
 24620 | D:12     | 24620 ||| FLEEEEING.
 24621 | D:12     | 24621 ||| FLEEEEING.
 24622 | D:12     | 24622 ||| FLEEEEING.
 24623 | D:12     | 24623 ||| FLEEEEING.
 24632 | D:12     | 24632 ||| STAIRDANCE
 24751 | D:12     | 24751 ||| Stepping ~*~*~tactically~*~*~ (hiding).
 24757 | D:12     | 24757 ||| INVOKING Brothers in Arms.
 24761 | D:12     | 24761 ||| SWAPPING to +0 hand axe of flaming.
 24763 | D:12     | 24763 ||| INVOKING Berserk.
 24799 | D:12     | 24799 ||| SWAPPING to +11 war axe of Obsession {vorpal, Fly
                  | rC++ Str-4}.
 24977 | D:12     | 24977 ||| Stepping ~*~*~tactically~*~*~ (stealth).
 25072 | D:12     | 25072 ||| Stepping ~*~*~tactically~*~*~ (stealth).
 25095 | D:12     | 25095 ||| FLEEEEING.
 25096 | D:12     | 25096 ||| FLEEEEING.
 25097 | D:12     | 25097 ||| FLEEEEING.
 25098 | D:12     | 25098 ||| FLEEEEING.
 25232 | D:12     | 25232 ||| Stepping ~*~*~tactically~*~*~ (hiding).
 25764 | D:12     | Found a staircase to the Orcish Mines.
 25985 | D:13     | 25985 ||| INVOKING Brothers in Arms.
 25988 | D:13     | 25988 ||| INVOKING Berserk.
 26120 | D:13     | 26120 ||| Stepping ~*~*~tactically~*~*~ (hiding).
 26326 | D:13     | 26326 ||| Stepping ~*~*~tactically~*~*~ (stealth).
 26354 | D:13     | 26354 ||| Stepping ~*~*~tactically~*~*~ (hiding).
 26356 | D:13     | 26356 ||| Stepping ~*~*~tactically~*~*~ (hiding).
 26357 | D:13     | 26357 ||| Stepping ~*~*~tactically~*~*~ (hiding).
 26359 | D:13     | 26359 ||| Stepping ~*~*~tactically~*~*~ (hiding).
 26426 | D:13     | 26426 ||| Stepping ~*~*~tactically~*~*~ (stealth).
 26433 | D:13     | 26433 ||| INVOKING Berserk.
 26623 | D:13     | 26623 ||| INVOKING Brothers in Arms.
 26625 | D:13     | 26625 ||| SWAPPING to +0 hand axe of flaming.
 26626 | D:13     | 26626 ||| INVOKING Berserk.
 26627 | D:13     | Reached skill level 18 in Fighting
 26630 | D:13     | 26630 ||| SWAPPING to +11 war axe of Obsession {vorpal, Fly
                  | rC++ Str-4}.
 26756 | D:13     | 26756 ||| INVOKING Berserk.
 27058 | D:14     | 27058 ||| Stepping ~*~*~tactically~*~*~ (hiding).
 27166 | D:14     | 27166 ||| Stepping ~*~*~tactically~*~*~ (hiding).
 27265 | D:14     | 27265 ||| Stepping ~*~*~tactically~*~*~ (hiding).
 27365 | D:14     | Reached XP level 15. HP: 139/149 MP: 12/14
 27575 | D:14     | Reached skill level 12 in Armour
 27597 | D:14     | 27597 ||| FLEEEEING.
 27598 | D:14     | 27598 ||| FLEEEEING.
 27599 | D:14     | 27599 ||| FLEEEEING.
 27600 | D:14     | 27600 ||| FLEEEEING.
 27601 | D:14     | 27601 ||| FLEEEEING.
 27602 | D:14     | 27602 ||| STAIRDANCE
 27670 | D:14     | 27670 ||| STAIRDANCE
 27880 | D:14     | 27880 ||| READING scroll of enchant armour.
 27880 | D:14     | 27880 ||| ENCHANTING +1 pair of gloves.
 27895 | D:14     | Reached skill level 9 in Throwing
 27964 | D:14     | 27964 ||| Stepping ~*~*~tactically~*~*~ (stealth).
 27976 | D:14     | 27976 ||| FLEEEEING.
 27977 | D:14     | 27977 ||| FLEEEEING.
 27980 | D:14     | 27980 ||| FLEEEEING.
 27982 | D:14     | 27982 ||| FLEEEEING.
 27983 | D:14     | 27983 ||| FLEEEEING.
 27984 | D:14     | 27984 ||| FLEEEEING.
 27985 | D:14     | 27985 ||| FLEEEEING.
 27986 | D:14     | 27986 ||| FLEEEEING.
 27987 | D:14     | 27987 ||| FLEEEEING.
 27988 | D:14     | 27988 ||| FLEEEEING.
 27989 | D:14     | 27989 ||| FLEEEEING.
 28160 | D:14     | Found a gate to the Vaults.
 28250 | D:14     | 28250 ||| READING scroll labelled PIGUUMM LEBOWI.
 28250 | D:14     | Identified a scroll of acquirement
 28250 | D:14     | 28250 ||| ACQUIRING +7 hand axe of the Mice {flame, rElec
                  | rC- rN++ Will- Int+4}
 28250 | D:14     | Acquired the +7 hand axe of the Mice {flame, rElec rC- rN++
                  | Will- Int+4}
 28290 | D:15     | Entered Level 15 of the Dungeon
 28298 | D:15     | Found Manoakh's Armour Shoppe.
 28362 | D:15     | Noticed Nessos
 28363 | D:15     | 28363 ||| Stepping ~*~*~tactically~*~*~ (hiding).
 28364 | D:15     | 28364 ||| Stepping ~*~*~tactically~*~*~ (hiding).
 28365 | D:15     | 28365 ||| Stepping ~*~*~tactically~*~*~ (hiding).
 28372 | D:15     | Killed Nessos
 28373 | D:15     | Reached skill level 12 in Dodging
 28375 | D:15     | 28375 ||| Stepping ~*~*~tactically~*~*~ (stealth).
 28378 | D:15     | 28378 ||| Stepping ~*~*~tactically~*~*~ (stealth).
 28399 | D:15     | 28399 ||| INVOKING Berserk.
 28442 | D:15     | 28442 ||| FLEEEEING.
 28443 | D:15     | 28443 ||| FLEEEEING.
 28463 | D:15     | 28463 ||| Stepping ~*~*~tactically~*~*~ (stealth).
 28506 | D:15     | 28506 ||| Stepping ~*~*~tactically~*~*~ (hiding).
 28624 | D:15     | 28624 ||| INVOKING Trog's Hand.
 28625 | D:15     | 28625 ||| INVOKING Berserk.
 28753 | D:15     | Found a staircase to the Depths.
 28845 | D:15     | 28845 ||| Stepping ~*~*~tactically~*~*~ (hiding).
 28846 | D:15     | 28846 ||| Stepping ~*~*~tactically~*~*~ (hiding).
 29080 | D:15     | 29080 ||| Stepping ~*~*~tactically~*~*~ (hiding).
 29721 | D:15     | 29721 ||| PLANNING ORC
 29721 | D:15     | 29721 ||| DROPPING ring of magical power.
 29885 | Orc:1    | Entered Level 1 of the Orcish Mines
 30006 | Orc:1    | 30006 ||| Stepping ~*~*~tactically~*~*~ (stealth).
 30156 | Orc:2    | Entered Level 2 of the Orcish Mines
 30156 | Orc:2    | Found a staircase to the Elven Halls.
 30158 | Orc:2    | Noticed Erolcha
 30159 | Orc:2    | 30159 ||| INVOKING Trog's Hand.
 30170 | Orc:2    | 30170 ||| INVOKING Berserk.
 30176 | Orc:2    | Killed Erolcha
 30177 | Orc:2    | Reached skill level 19 in Fighting
 30314 | Orc:2    | 30314 ||| Stepping ~*~*~tactically~*~*~ (stealth).
 30315 | Orc:2    | 30315 ||| Stepping ~*~*~tactically~*~*~ (stealth).
 30323 | Orc:2    | 30323 ||| Stepping ~*~*~tactically~*~*~ (hiding).
 30377 | Orc:2    | 30377 ||| Stepping ~*~*~tactically~*~*~ (stealth).
 30432 | Orc:2    | 30432 ||| Stepping ~*~*~tactically~*~*~ (stealth).
 30435 | Orc:2    | 30435 ||| Stepping ~*~*~tactically~*~*~ (stealth).
 30437 | Orc:2    | 30437 ||| Stepping ~*~*~tactically~*~*~ (stealth).
 30439 | Orc:2    | 30439 ||| Stepping ~*~*~tactically~*~*~ (stealth).
 30441 | Orc:2    | 30441 ||| INVOKING Berserk.
 30666 | Orc:2    | 30666 ||| Stepping ~*~*~tactically~*~*~ (stealth).
 30674 | Orc:2    | 30674 ||| Stepping ~*~*~tactically~*~*~ (hiding).
 30677 | Orc:2    | 30677 ||| Stepping ~*~*~tactically~*~*~ (hiding).
 30678 | Orc:2    | 30678 ||| Stepping ~*~*~tactically~*~*~ (hiding).
 30679 | Orc:2    | 30679 ||| Stepping ~*~*~tactically~*~*~ (hiding).
 30685 | Orc:2    | 30685 ||| INVOKING Berserk.
 30697 | Orc:2    | 30697 ||| INVOKING Trog's Hand.
 30701 | Orc:2    | 30701 ||| INVOKING Brothers in Arms.
 30728 | Orc:2    | 30728 ||| INVOKING Brothers in Arms.
 30741 | Orc:2    | 30741 ||| INVOKING Berserk.
 30869 | Orc:2    | 30869 ||| FLEEEEING.
 30870 | Orc:2    | 30870 ||| FLEEEEING.
 30871 | Orc:2    | 30871 ||| FLEEEEING.
 30980 | Orc:2    | Found Hiemapur's Weapon Emporium.
 30982 | Orc:2    | Found Ynkezie's Weapon Shoppe.
 30983 | Orc:2    | Found Uthinad's Antique Weapon Shoppe.
 30987 | Orc:2    | Found Buiss's Weapon Emporium.
 30991 | Orc:2    | 30991 ||| Stepping ~*~*~tactically~*~*~ (hiding).
 31114 | Orc:2    | 31114 ||| Stepping ~*~*~tactically~*~*~ (stealth).
 31206 | Orc:2    | Received a gift from Trog
 31624 | Orc:1    | 31624 ||| PLANNING SHOALS:1-3
 31804 | Shoals:1 | Entered Level 1 of the Shoals
 31804 | Shoals:1 | Noticed Roxanne
 31805 | Shoals:1 | 31805 ||| INVOKING Brothers in Arms.
 31808 | Shoals:1 | 31808 ||| INVOKING Berserk.
 31815 | Shoals:1 | Killed Roxanne
 31835 | Shoals:1 | Reached skill level 12 in Shields
 32043 | Shoals:1 | 32043 ||| INVOKING Berserk.
 32167 | Shoals:1 | 32167 ||| INVOKING Berserk.
 32497 | Shoals:1 | Found Ykhle's Antique Weapon Boutique.
 32633 | Shoals:1 | Reached XP level 16. HP: 147/162 MP: 12/15
 33090 | Shoals:1 | 33090 ||| Stepping ~*~*~tactically~*~*~ (hiding).
 33101 | Shoals:1 | 33101 ||| INVOKING Trog's Hand.
 33102 | Shoals:1 | 33102 ||| INVOKING Brothers in Arms.
 33104 | Shoals:1 | 33104 ||| INVOKING Berserk.
 33211 | Shoals:1 | 33211 ||| Stepping ~*~*~tactically~*~*~ (hiding).
 33408 | Shoals:2 | 33408 ||| INVOKING Trog's Hand.
 33409 | Shoals:2 | 33409 ||| INVOKING Brothers in Arms.
 33410 | Shoals:2 | 33410 ||| INVOKING Brothers in Arms.
 33416 | Shoals:2 | 33416 ||| INVOKING Trog's Hand.
 33438 | Shoals:2 | 33438 ||| INVOKING Trog's Hand.
 33441 | Shoals:2 | 33441 ||| INVOKING Berserk.
 33447 | Shoals:2 | Reached skill level 20 in Fighting
 33489 | Shoals:2 | 33489 ||| FLEEEEING.
 33495 | Shoals:2 | 33495 ||| STAIRDANCE
 33634 | Shoals:2 | 33634 ||| Stepping ~*~*~tactically~*~*~ (stealth).
 33687 | Shoals:2 | 33687 ||| INVOKING Trog's Hand.
 33694 | Shoals:2 | 33694 ||| INVOKING Berserk.
 33732 | Shoals:2 | Identified the +5 short sword of Honesty {flame, Will+}
 34342 | Shoals:2 | Noticed a kraken
 34351 | Shoals:2 | Killed a kraken
 34808 | Shoals:3 | 34808 ||| INVOKING Trog's Hand.
 34809 | Shoals:3 | 34809 ||| Stepping ~*~*~tactically~*~*~ (cloud).
 34810 | Shoals:3 | 34810 ||| INVOKING Brothers in Arms.
 34811 | Shoals:3 | 34811 ||| INVOKING Berserk.
 34830 | Shoals:3 | 34830 ||| DRINKING 3 potions of cancellation.
 34831 | Shoals:3 | 34831 ||| DRINKING 2 potions of cancellation.
 35130 | Shoals:3 | 35130 ||| FLEEEEING.
 35131 | Shoals:3 | 35131 ||| FLEEEEING.
 35132 | Shoals:3 | 35132 ||| FLEEEEING.
 35134 | Shoals:3 | 35134 ||| FLEEEEING.
 35135 | Shoals:3 | 35135 ||| FLEEEEING.
 35137 | Shoals:3 | 35137 ||| STAIRDANCE
 35250 | Shoals:3 | 35250 ||| INVOKING Berserk.
 35268 | Shoals:3 | 35268 ||| Stepping ~*~*~tactically~*~*~ (hiding).
 35406 | Shoals:3 | 35406 ||| Stepping ~*~*~tactically~*~*~ (stealth).
 35408 | Shoals:3 | 35408 ||| Stepping ~*~*~tactically~*~*~ (hiding).
 35409 | Shoals:3 | 35409 ||| Stepping ~*~*~tactically~*~*~ (hiding).
 35411 | Shoals:3 | 35411 ||| Stepping ~*~*~tactically~*~*~ (hiding).
 35433 | Shoals:3 | 35433 ||| READING scroll of enchant armour.
 35433 | Shoals:3 | 35433 ||| ENCHANTING +0 pair of boots.
 35445 | Shoals:3 | 35445 ||| INVOKING Berserk.
 35567 | Shoals:3 | 35567 ||| INVOKING Trog's Hand.
 35591 | Shoals:3 | HP: 40/163 [satyr/arrow (6)]
 35592 | Shoals:3 | 35592 ||| READING 12 scrolls of teleportation.
 35915 | Shoals:3 | 35915 ||| INVOKING Trog's Hand.
 35924 | Shoals:3 | 35924 ||| INVOKING Berserk.
 36065 | Shoals:3 | 36065 ||| FLEEEEING.
 36066 | Shoals:3 | 36066 ||| FLEEEEING.
 36067 | Shoals:3 | 36067 ||| FLEEEEING.
 36068 | Shoals:3 | 36068 ||| FLEEEEING.
 36069 | Shoals:3 | 36069 ||| FLEEEEING.
 36072 | Shoals:3 | 36072 ||| FLEEEEING.
 36073 | Shoals:3 | 36073 ||| FLEEEEING.
 36074 | Shoals:3 | 36074 ||| FLEEEEING.
 36075 | Shoals:3 | 36075 ||| FLEEEEING.
 36076 | Shoals:3 | 36076 ||| FLEEEEING.
 36077 | Shoals:3 | 36077 ||| STAIRDANCE
 36152 | Shoals:3 | 36152 ||| INVOKING Berserk.
 36313 | Shoals:3 | Noticed Ilsuiw
 36316 | Shoals:3 | 36316 ||| INVOKING Berserk.
 36340 | Shoals:3 | Killed Ilsuiw
 36726 | Shoals:3 | 36726 ||| INVOKING Berserk.
 36979 | Shoals:3 | 36979 ||| PLANNING SNAKE:1-3
 36979 | Shoals:3 | 36979 ||| UPGRADING to ring of protection from fire.
 37102 | Snake:1  | Entered Level 1 of the Snake Pit
 37176 | Snake:1  | Reached skill level 21 in Fighting
 37308 | Snake:1  | 37308 ||| Stepping ~*~*~tactically~*~*~ (hiding).
 37311 | Snake:1  | 37311 ||| Stepping ~*~*~tactically~*~*~ (hiding).
 37515 | Snake:1  | 37515 ||| Stepping ~*~*~tactically~*~*~ (hiding).
 37672 | Snake:1  | 37672 ||| UPGRADING to +0 kite shield.
 37682 | Snake:1  | 37682 ||| DROPPING +0 buckler of protection.
 37683 | Snake:1  | 37683 ||| UPGRADING to +6 ring of dexterity.
 37795 | Snake:2  | 37795 ||| Stepping ~*~*~tactically~*~*~ (hiding).
 37798 | Snake:2  | 37798 ||| INVOKING Berserk.
 37940 | Snake:2  | 37940 ||| Stepping ~*~*~tactically~*~*~ (hiding).
 37942 | Snake:2  | 37942 ||| INVOKING Berserk.
 38305 | Snake:2  | 38305 ||| Stepping ~*~*~tactically~*~*~ (hiding).
 38389 | Snake:2  | 38389 ||| Stepping ~*~*~tactically~*~*~ (stealth).
 38396 | Snake:2  | Reached XP level 17. HP: 162/173 MP: 7/16
 38460 | Snake:2  | Found Ysko's Armour Emporium.
 38465 | Snake:2  | Found Lusycw's Antique Weapon Emporium.
 38502 | Snake:2  | 38502 ||| Stepping ~*~*~tactically~*~*~ (stealth).
 38521 | Snake:2  | 38521 ||| READING scroll of acquirement.
 38521 | Snake:2  | 38521 ||| ACQUIRING ring "Zuugh" {rElec rC+ rCorr Stlth+}
 38521 | Snake:2  | Acquired the ring "Zuugh" {rElec rC+ rCorr Stlth+}
 38523 | Snake:2  | 38523 ||| DROPPING ring of ice.
 38600 | Snake:2  | Found a white marble altar of Elyvilon.
 39008 | Snake:2  | 39008 ||| UPGRADING to ring "Zuugh" {rElec rC+ rCorr
                  | Stlth+}.
 39021 | Snake:3  | 39021 ||| Stepping ~*~*~tactically~*~*~ (hiding).
 39034 | Snake:3  | 39034 ||| Stepping ~*~*~tactically~*~*~ (stealth).
 39035 | Snake:3  | 39035 ||| Stepping ~*~*~tactically~*~*~ (stealth).
 39049 | Snake:3  | 39049 ||| INVOKING Berserk.
 39070 | Snake:3  | 39070 ||| FLEEEEING.
 39071 | Snake:3  | 39071 ||| FLEEEEING.
 39074 | Snake:3  | 39074 ||| FLEEEEING.
 39080 | Snake:3  | 39080 ||| STAIRDANCE
 39175 | Snake:3  | 39175 ||| Stepping ~*~*~tactically~*~*~ (stealth).
 39176 | Snake:3  | 39176 ||| Stepping ~*~*~tactically~*~*~ (stealth).
 39177 | Snake:3  | 39177 ||| Stepping ~*~*~tactically~*~*~ (stealth).
 39202 | Snake:3  | 39202 ||| Stepping ~*~*~tactically~*~*~ (stealth).
 39271 | Snake:3  | 39271 ||| INVOKING Berserk.
 39274 | Snake:3  | Received a gift from Trog
 39420 | Snake:3  | 39420 ||| DROPPING +0 broad axe of holy wrath.
 39424 | Snake:3  | 39424 ||| Stepping ~*~*~tactically~*~*~ (hiding).
 39428 | Snake:3  | 39428 ||| INVOKING Berserk.
 39436 | Snake:3  | Reached skill level 15 in Shields
 39531 | Snake:3  | 39531 ||| Stepping ~*~*~tactically~*~*~ (hiding).
 39896 | Snake:3  | 39896 ||| Stepping ~*~*~tactically~*~*~ (hiding).
 40164 | Snake:3  | Noticed Kirke
 40165 | Snake:3  | 40165 ||| INVOKING Trog's Hand.
 40172 | Snake:3  | Killed Kirke
 40175 | Snake:3  | 40175 ||| INVOKING Berserk.
 40580 | Snake:3  | 40580 ||| PLANNING SHOALS:4
 40759 | Shoals:4 | Entered Level 4 of the Shoals
 40760 | Shoals:4 | 40760 ||| INVOKING Berserk.
 40769 | Shoals:4 | 40769 ||| STAIRDANCE
 40863 | Shoals:4 | 40863 ||| STAIRDANCE
 40980 | Shoals:4 | 40980 ||| STAIRDANCE
 41098 | Shoals:4 | 41098 ||| INVOKING Berserk.
 41122 | Shoals:4 | 41122 ||| STAIRDANCE
 41282 | Shoals:4 | 41282 ||| INVOKING Trog's Hand.
 41283 | Shoals:4 | 41283 ||| INVOKING Brothers in Arms.
 41299 | Shoals:4 | 41299 ||| INVOKING Berserk.
 41430 | Shoals:4 | 41430 ||| INVOKING Berserk.
 41586 | Shoals:4 | Identified the +8 sling "Xoef" {flame, rElec rCorr Int+2
                  | Dex+2}
 41687 | Shoals:4 | 41687 ||| Stepping ~*~*~tactically~*~*~ (stealth).
 41895 | Shoals:4 | 41895 ||| Stepping ~*~*~tactically~*~*~ (stealth).
 41897 | Shoals:4 | 41897 ||| Stepping ~*~*~tactically~*~*~ (hiding).
 41898 | Shoals:4 | 41898 ||| Stepping ~*~*~tactically~*~*~ (hiding).
 41955 | Shoals:4 | 41955 ||| Stepping ~*~*~tactically~*~*~ (hiding).
 41956 | Shoals:4 | 41956 ||| Stepping ~*~*~tactically~*~*~ (hiding).
 41958 | Shoals:4 | 41958 ||| Stepping ~*~*~tactically~*~*~ (hiding).
 41959 | Shoals:4 | 41959 ||| Stepping ~*~*~tactically~*~*~ (hiding).
 41961 | Shoals:4 | 41961 ||| INVOKING Trog's Hand.
 42002 | Shoals:4 | Noticed a kraken
 42014 | Shoals:4 | Killed a kraken
 42210 | Shoals:4 | 42210 ||| INVOKING Berserk.
 42434 | Shoals:4 | 42434 ||| INVOKING Berserk.
 42502 | Shoals:4 | 42502 ||| INVOKING Berserk.
 42506 | Shoals:4 | Reached skill level 18 in Shields
 42573 | Shoals:4 | Identified the +4 morningstar of Fate {flame, *Rage rElec
                  | rC+ Dex+5}
 42720 | Shoals:4 | 42720 ||| INVOKING Berserk.
 42738 | Shoals:4 | 42738 ||| INVOKING Brothers in Arms.
 42739 | Shoals:4 | 42739 ||| INVOKING Brothers in Arms.
 42743 | Shoals:4 | HP: 40/173 [merfolk impaler/+0 vorpal trident (14)]
 42744 | Shoals:4 | 42744 ||| READING 14 scrolls of teleportation.
 42745 | Shoals:4 | 42745 ||| DRINKING 8 potions of heal wounds.
 42766 | Shoals:4 | 42766 ||| INVOKING Brothers in Arms.
 43123 | Shoals:4 | 43123 ||| Stepping ~*~*~tactically~*~*~ (hiding).
 43226 | Shoals:4 | 43226 ||| Stepping ~*~*~tactically~*~*~ (hiding).
 43229 | Shoals:4 | 43229 ||| INVOKING Brothers in Arms.
 43232 | Shoals:4 | 43232 ||| INVOKING Berserk.
 43386 | Shoals:4 | 43386 ||| INVOKING Berserk.
 43414 | Shoals:4 | Reached XP level 18. HP: 162/184 MP: 10/17
 43425 | Shoals:4 | Identified the ring "Zuypsauff" {rF+++ EV+4 Str-5 Dex+4
                  | Slay-3}
 43426 | Shoals:4 | 43426 ||| Stepping ~*~*~tactically~*~*~ (stealth).
 43602 | Shoals:4 | 43602 ||| DROPPING +0 hand axe of flaming.
 43603 | Shoals:4 | 43603 ||| DROPPING +7 hand axe of the Mice {flame, rElec
                  | rC- rN++ Will- Int+4}.
 43610 | Shoals:4 | Got a barnacled rune of Zot
 43624 | Shoals:4 | 43624 ||| Stepping ~*~*~tactically~*~*~ (stealth).
 43631 | Shoals:4 | 43631 ||| Stepping ~*~*~tactically~*~*~ (stealth).
 43659 | Shoals:4 | 43659 ||| Stepping ~*~*~tactically~*~*~ (stealth).
 43660 | Shoals:4 | 43660 ||| Stepping ~*~*~tactically~*~*~ (stealth).
 43661 | Shoals:4 | 43661 ||| Stepping ~*~*~tactically~*~*~ (stealth).
 43662 | Shoals:4 | 43662 ||| Stepping ~*~*~tactically~*~*~ (stealth).
 43664 | Shoals:4 | 43664 ||| Stepping ~*~*~tactically~*~*~ (stealth).
 43666 | Shoals:4 | 43666 ||| Stepping ~*~*~tactically~*~*~ (hiding).
 43671 | Shoals:4 | Reached skill level 22 in Fighting
 43682 | Shoals:4 | 43682 ||| Stepping ~*~*~tactically~*~*~ (stealth).
 43684 | Shoals:4 | 43684 ||| Stepping ~*~*~tactically~*~*~ (hiding).
 43710 | Shoals:4 | Identified the +7 battleaxe of the Thing {protect, Str+2
                  | Int+4}
 43766 | Shoals:4 | 43766 ||| Stepping ~*~*~tactically~*~*~ (hiding).
 43772 | Shoals:4 | 43772 ||| INVOKING Berserk.
 43999 | Shoals:4 | 43999 ||| PLANNING VAULTS:1-4
 43999 | Shoals:4 | 43999 ||| DROPPING ring of fire.
 44269 | Vaults:1 | Entered Level 1 of the Vaults
 44328 | Vaults:1 | 44328 ||| INVOKING Trog's Hand.
 44395 | Vaults:1 | Reached skill level 15 in Armour
 44631 | Vaults:1 | Received a gift from Trog
 44660 | Vaults:1 | 44660 ||| INVOKING Berserk.
 44897 | Vaults:1 | 44897 ||| DROPPING +2 antimagic war axe.
 45133 | Vaults:1 | 45133 ||| Stepping ~*~*~tactically~*~*~ (hiding).
 45139 | Vaults:1 | 45139 ||| Stepping ~*~*~tactically~*~*~ (hiding).
 45146 | Vaults:1 | Reached skill level 15 in Dodging
 45393 | Vaults:1 | 45393 ||| Stepping ~*~*~tactically~*~*~ (hiding).
 45417 | Vaults:1 | 45417 ||| INVOKING Brothers in Arms.
 45418 | Vaults:1 | 45418 ||| INVOKING Brothers in Arms.
 45419 | Vaults:1 | 45419 ||| INVOKING Berserk.
 45582 | Vaults:1 | 45582 ||| Stepping ~*~*~tactically~*~*~ (hiding).
 45601 | Vaults:1 | 45601 ||| INVOKING Trog's Hand.
 45859 | Vaults:1 | 45859 ||| INVOKING Berserk.
 46743 | Vaults:1 | 46743 ||| DROPPING +0 plate armour.
 46744 | Vaults:1 | 46744 ||| DROPPING scarf of harm.
 46745 | Vaults:1 | 46745 ||| DROPPING +0 chain mail "Bet Kucs" {Harm rN++
                  | Int-2 SInv}.
 46746 | Vaults:1 | 46746 ||| DROPPING +1 chain mail of poison resistance.
 46747 | Vaults:1 | 46747 ||| DROPPING +0 ice dragon scales.
 46748 | Vaults:1 | 46748 ||| DROPPING scarf of invisibility.
 47051 | Vaults:2 | 47051 ||| INVOKING Trog's Hand.
 47052 | Vaults:2 | 47052 ||| INVOKING Berserk.
 47084 | Vaults:2 | HP: 41/184 [orc warlord/+1 great mace (11)]
 47085 | Vaults:2 | 47085 ||| READING 14 scrolls of teleportation.
 47085 | Vaults:2 | Mangled by a vault warden

Levels and vault maps discovered:
D:1:      dpeg_arrival_yet_another_circle, layout_basic
D:2:      layout_rooms, hellmonk_ecumenical_altar_pennies_from_heaven,
          basic_altar, kennysheep_another_room, minmay_fractal_squares_5,
          uniq_jessica
D:3:      layout_rooms, bloody_trog, st_stairs_12, uniq_sigmund
D:4:      layout_basic, enter_ossuary_3, portal_sewer_entry_d
D:5:      layout_cave_pools, serial_demonic, serial_demonic_f, serial_demonic_g,
          serial_demonic_g, serial_demonic_f, serial_demonic_c,
          serial_demonic_e, uniq_edmund, uniq_eustachio
D:6:      layout_loops_corners, nemelex_diamond_rough_becter,
          kennysheep_mini_moat, temple_statues, serial_shops, shop,
          minmay_ruined_shrine, uniq_pikel
D:7:      nzn_winding_woodlands_large [nzn_winding_woodlands_5x5_default,
          nzn_winding_woodlands_5x15_eye, nzn_winding_woodlands_5x5_closed_star,
          nzn_winding_woodlands_center_pierced_h,
          nzn_winding_woodlands_15x15_eel_pit,
          nzn_winding_woodlands_center_lodge, nzn_winding_woodlands_5x5_cross,
          nzn_winding_woodlands_5x15_lazy_stream,
          nzn_winding_woodlands_5x5_open_star], layout_basic,
          dancing_weapons_uskayaw, serial_shops, nicolae_shop_waterfront,
          uniq_joseph
D:8:      layout_layer_cave, lemuel_doored_altar, fountainhead, uniq_grum
D:9:      layout_rooms, nicolae_overflow_hidden_temple, uniq_prince_ribbit1,
          uniq_maurice, uniq_erica
D:10:     minmay_blocky_corners, layout_gridville, nicolae_elyvilon_temple_path,
          david_lair_shrubbed
D:11:     layout_loops_ring, nrook_guardian_serpent_double
D:12:     layout_gridville, erik_orc_2, kennysheep_generic_room_4
D:13:     layout_gridville
D:14:     layout_rooms, grunt_vaults_entry_fortified, minmay_misc_feat_tower
D:15:     grunt_enter_depths_magical_seal, layout_basic, serial_shops, shop,
          minivault_14, uniq_nessos
Lair:1:   cheibrodos_lair_river_kwai, layout_chaotic_city,
          nicolae_lair_liquid_snakes
Lair:2:   layout_long_grid, minmay_shoals_entry_lonely_mermaid,
          serial_bayou_shore_a, grunt_megastairs_3
Lair:3:   layout_small_grid, guppyfry_snake_entry_garden,
          chequers_serial_rivers_micro_b, dreamdust_gnoll_shepherd
Lair:4:   layout_roguey, dpeg_slime_entry_corner, minmay_shattered_shrine
Lair:5:   minmay_lair_end_enchanted_forest, layout_long_grid,
          infiniplex_staircase_pool_2, uniq_urug, uniq_sonja, uniq_josephine
Shoals:1: nicolae_shoals_island_circles, layout_shoals, serial_shops,
          nicolae_shop_hallway_stairs, nicolae_shoals_flooded_hall, uniq_roxanne
Shoals:2: layout_shoals
Shoals:3: nzn_motion_control, layout_shoals, uniq_ilsuiw
Shoals:4: shoals_end_simple, layout_shoals, portal_ice_cave_entry_pillars_three,
          abandoned_shop, nicolae_shoals_water_shrine
Snake:1:  layout_cave_shapes
Snake:2:  layout_onion_interference, basic_altar, lemuel_fruit_tree,
          serial_bayou_shore_b, minmay_shop_star
Snake:3:  layout_layer_cave, uniq_kirke
Orc:1:    layout_diamond_mine
Orc:2:    st_orc_mages, layout_caves, uniq_erolcha
Vaults:1: st_spiral_rooms, vaults_room_fours, ontoclasm_vaults_twist,
          nicolae_vaults_theta, vaults_dpeg_hooks,
          nicolae_vaults_diagonal_hallway_9, vaults_dpeg_emergency_exit,
          vaults_room_fours, layout_vaults_omnigrid
Vaults:2: grunt_vaults_focal, ontoclasm_vaults_ring_square, v_misc_32,
          nicolae_vaults_shelves_hall, nicolae_vaults_ninety_degrees,
          ontoclasm_vaults_eye, nicolae_vaults_network_s,
          ontoclasm_vaults_pinch, hangedman_vaults_nails,
          nicolae_vaults_windows_and_doors_thing, vaults_dpeg_spiral, v_misc_24,
          layout_vaults_omnibox, uniq_mara, uniq_sojobo

Skill      XL: |  1  2  3  4  5  6  7  8  9 10 11 12 13 14 15 16 17 18 |
---------------+-------------------------------------------------------+-----
Axes           | 4 5 8 9 10 12 14 16 17 | 17.0
Fighting       | 5 6 7 9 11 13 16 17 18 19 21 22 | 22.1
Throwing       | 2 7 8 9 10 11 | 11.0
Armour         | 3 4 8 9 10 11 13 14 15 | 15.0
Dodging        | 3 5 8 10 11 12 14 15 | 15.0
Shields        | 11 12 13 18 | 18.6

Action                   |  1- 3 |  4- 6 |  7- 9 | 10-12 | 13-15 | 16-18 || total
-------------------------+-------+-------+-------+-------+-------+-------++-------
Melee: Hand axe          |    85 |    95 |   225 |    25 |    13 |       ||   443
       Headbutt          |    12 |     9 |    48 |   118 |   217 |   301 ||   705
       Punch             |       |       |     3 |     3 |     3 |       ||     9
       War axe           |       |       |    67 |   459 |   860 |  1049 ||  2435
Throw: Boomerang         |       |       |    30 |    28 |    52 |    17 ||   127
       Javelin           |       |       |       |       |   111 |    69 ||   180
Invok: Berserk           |     1 |     3 |    10 |    29 |    32 |    31 ||   106
       Brothers in Arms  |       |       |       |     4 |     8 |     9 ||    21
       Trog's Hand       |       |       |       |       |     5 |    14 ||    19
  Use: Scroll            |     4 |     8 |     8 |     5 |     9 |     5 ||    39
       Potion            |     2 |     1 |       |     1 |     1 |     3 ||     8
 Stab: Distracted        |       |       |       |       |     3 |       ||     3
       Petrified         |       |       |       |       |       |     6 ||     6
Armor: Animal skin       |     8 |     1 |       |       |       |       ||     9
       Scale mail        |       |    27 |   106 |   138 |   284 |   309 ||   864
Dodge: Dodged            |    47 |    31 |   146 |   251 |   425 |   529 ||  1429
Block: Buckler           |       |       |       |       |   158 |   115 ||   273
       Kite shield       |       |       |       |       |       |   476 ||   476

Table legend:
 A = Non-vault XP
 B = Vault XP
 C = Vault XP percentage of total XP
 D = Non-vault monster count
 E = Vault monster count
 F = Vault count percentage of total count
                 A         B        C        D         E       F
            +---------+---------+-------+---------+---------+-------
      Total |  260143 |   95602 |  26.9 |     797 |     317 |  28.5
            +---------+---------+-------+---------+---------+-------
        D:1 |      49 |       0 |   0.0 |      28 |       0 |   0.0
        D:2 |      36 |      61 |  62.9 |      13 |       8 |  38.1
        D:3 |      31 |     217 |  87.5 |      19 |       3 |  13.6
        D:4 |     479 |      14 |   2.8 |      26 |       2 |   7.1
        D:5 |     669 |     461 |  40.8 |      21 |       8 |  27.6
        D:6 |    1204 |    1061 |  46.8 |      27 |       7 |  20.6
        D:7 |     995 |    4979 |  83.3 |      16 |      32 |  66.7
        D:8 |    1405 |     539 |  27.7 |      19 |       4 |  17.4
        D:9 |    2288 |    1586 |  40.9 |      33 |       3 |   8.3
       D:10 |    2542 |    1406 |  35.6 |      22 |       4 |  15.4
       D:11 |    5801 |     448 |   7.2 |      17 |       1 |   5.6
       D:12 |    6094 |     875 |  12.6 |      22 |      22 |  50.0
       D:13 |    8484 |       0 |   0.0 |      19 |       0 |   0.0
       D:14 |   10444 |    6862 |  39.7 |      21 |      10 |  32.3
       D:15 |    4406 |    5709 |  56.4 |      13 |      11 |  45.8
     Lair:1 |    5610 |    2327 |  29.3 |      19 |      14 |  42.4
     Lair:2 |    7038 |    2429 |  25.7 |      31 |       9 |  22.5
     Lair:3 |    4442 |     813 |  15.5 |      16 |       5 |  23.8
     Lair:4 |    6140 |    2509 |  29.0 |      21 |       4 |  16.0
     Lair:5 |    6496 |   10355 |  61.5 |      20 |      48 |  70.6
   Shoals:1 |   16352 |    7078 |  30.2 |      35 |      14 |  28.6
   Shoals:2 |   18674 |       0 |   0.0 |      31 |       0 |   0.0
   Shoals:3 |   16688 |    6314 |  27.4 |      35 |      10 |  22.2
   Shoals:4 |   28283 |   21235 |  42.9 |      56 |      38 |  40.4
    Snake:1 |    8916 |       0 |   0.0 |      19 |       0 |   0.0
    Snake:2 |    9266 |       0 |   0.0 |      18 |       0 |   0.0
    Snake:3 |   21591 |    2180 |   9.2 |      36 |       5 |  12.2
      Orc:1 |    1446 |       0 |   0.0 |      17 |       0 |   0.0
      Orc:2 |    4290 |    6398 |  59.9 |      37 |      41 |  52.6
   Vaults:1 |   43467 |    9746 |  18.3 |      65 |      14 |  17.7
   Vaults:2 |    7426 |       0 |   0.0 |      10 |       0 |   0.0
    Abyss:1 |    9091 |       0 |   0.0 |      15 |       0 |   0.0
            +---------+---------+-------+---------+---------+-------
